 Dungeon Crawl Stone Soup version 0.31-a0-507-gbafd7f5274 (webtiles) character file.

Game seed: 17834134591894317998

25 spiderkeys the Ducker (level 2, -2/24 HPs)
             Began as a Vampire Monk on Aug 9, 2023.
             Slain by a worm (8 damage)
             ... on level 2 of the Dungeon.
             The game lasted 00:01:55 (889 turns).

spiderkeys the Ducker (Vampire Monk)                 Turns: 889, Time: 00:01:56

Health: -2/24      AC:  2    Str: 10    XL:     2   Next: 82%
Magic:  2/2        EV: 13    Int: 12    God:
Gold:   102        SH:  0    Dex: 16    Spells: 1/1 levels left

rFire   . . .        a - +0 short sword
rCold   + . .        d - orb {light}
rNeg    . . .        b - +0 robe
rPois   .            (no helmet)
rElec   .            (no cloak)
rCorr   .            (no gloves)
SInv    +            (no boots)
Will    .....        (no amulet)
Stlth   +            C - ring of protection from cold
HPRegen 0.44/turn    (no ring)
MPRegen 0.08/turn

%: no passive effects
@: healing quickly, glowing
A: alive, fangs 3, see invisible, vampiric 1
a: Exsanguinate


You were on level 2 of the Dungeon.
You visited 1 branch of the dungeon, and saw 2 of its levels.

You collected 102 gold pieces.


Innate Abilities, Weirdness & Mutations

Your natural rate of healing is accelerated.
You have razor-sharp teeth.
You have supernaturally acute eyesight. (SInv)
You are afflicted with vampirism.


   Skills:
 + Level 3.1 Fighting
 + Level 3.7 Short Blades
 + Level 3.7 Dodging


You had one spell level left.
You didn't know any spells.
Your spell library was empty.

Inventory:

Hand Weapons
 a - a +0 short sword (weapon)
Missiles
 f - 20 stones
Armour
 b - a +0 robe (worn)
 d - an orb of light (worn)
 i - a +0 pair of gloves
   (You found it on level 1 of the Dungeon)
Jewellery
 C - a ring of protection from cold (left hand)
   (You found it on level 1 of the Dungeon)
Scrolls
 e - 2 scrolls of identify {unknown}
 h - a scroll of teleportation {unknown}
Potions
 c - a potion of ambrosia
 g - a potion of curing {unknown}

Dungeon Overview and Level Annotations

Branches:
Dungeon (2/15) Zot: 11124

Altars:

Shops:
D:2

[ #.##.#.# #. ##.##
#......# #. #...#
#.##.#.# ## #...#
#.##.#.# #...# #.##.#.#
#...#####.##.#.#
######.........##.#.#
#......w............###
.......@..........#.#..
#:.....g.......#.##.#.#
######)..#####.#.##>#.#
#.........#.##.#.#
#...#######.##.#†##
#...# #.#...... #...#
#........ ##...
#.#....#. ...#
#......#.


You could see a worm and a goblin.


Message History

You barely miss the hobgoblin. You hit the hobgoblin.
The hobgoblin completely misses you.
You hit the hobgoblin. The hobgoblin misses you.
You hit the hobgoblin but do no damage. The hobgoblin barely misses you.
A hobgoblin is nearby!
You barely miss the hobgoblin. You bite the hobgoblin.
You kill the hobgoblin!
Found a stone staircase leading down.
A hobgoblin comes into view.
The hobgoblin shouts!
A hobgoblin is nearby!
A hobgoblin is nearby!
You hit the hobgoblin but do no damage. The hobgoblin misses you.
You hit the hobgoblin. You hit the hobgoblin.
You kill the hobgoblin!
No target in view!
No target in view!
You see here a hobgoblin corpse.
Found Foum's Armour Emporium.
There is an entrance to Foum's Armour Emporium here.
You see here a +0 leather armour.
A worm comes into view.
You see here 5 stones.
A worm is nearby!
You hit the worm but do no damage. You hit the worm.
The worm bites you. 😕 HP[-4]
You take 4 damage, and now have 20/24 hp.
You hit the worm but do no damage. You hit the worm.
The worm bites you. 😮 HP[-3]
You take 3 damage, and now have 17/24 hp.
You are too injured to fight recklessly!
You are too injured to fight recklessly!
You are too injured to fight recklessly!
You are too injured to fight recklessly!
You are too injured to fight recklessly!
You hit the worm. 😮 HP[+1]
You hit the worm. The worm bites you!
* * * LOW HITPOINT WARNING * * *
😨 HP[-8]
You take 8 damage, and now have 10/24 hp.
MASSIVE DAMAGE!! (PAUSE)
You hit the worm. You bite the worm. 😨 HP[+1]
You hit the worm but do no damage. The worm closely misses you.
You hit the worm.
You kill the worm!
You see here a worm corpse. 😨 HP[+1]
f - 20 stones (gained 5) Key pressed, stopping explore.
A goblin comes into view. It is wielding a +0 club.
The goblin shouts!
A ball python comes into view. 😎 HP[+12]
Your hp is fully restored (24).
There are monsters nearby!
There are monsters nearby!
There are monsters nearby!
There are monsters nearby!
The ball python hisses angrily.
A worm comes into view.
The ball python bites you.
The ball python closely misses you. 😕 HP[-2]
You take 2 damage, and now have 22/24 hp.
You completely miss the ball python. You bite the ball python.
You kill the ball python!
The goblin closely misses you. 😕 HP[+1]
You hit the goblin.
You kill the goblin! 😎 HP[+1]
Your hp is fully restored (24).
A goblin comes into view. It is wielding a +0 dagger.
The goblin shouts!
You hit the worm. The worm bites you. 😕 HP[-3]
You take 3 damage, and now have 21/24 hp.
You hit the worm. 😕 HP[+1]
You hit the worm. You hit the worm. The worm bites you!
* * * LOW HITPOINT WARNING * * *
😨 HP[-10]
You take 10 damage, and now have 12/24 hp.
MASSIVE DAMAGE!! (PAUSE)
You hit the worm but do no damage. You bite the worm. 😮 HP[+1]
You hit the worm. The worm bites you!
* * * LOW HITPOINT WARNING * * *
😱 HP[-8]
You take 8 damage, and now have 5/24 hp.
MASSIVE DAMAGE!! (PAUSE)
You hit the worm. 😱 HP[+1]
You hit the worm. The worm bites you!
You die...

Skill      XL: |  1  2 |
---------------+-------+-----
Fighting       | 3 |  3.1
Short Blades   | |  3.7
Dodging        | |  3.7

Action                     || total
---------------------------++-------
  Melee: Short sword       ||    78
         Bite              ||     8
 Armour: Robe              ||     7
  Dodge: Dodged            ||    34

Levels and vault maps discovered:
D:1:      matt_arrival_grand_opening, layout_loops_ring,
          corexii_leaking_fountain
D:2:      layout_loops_cross, chequers_ecumenical_altar_twisty, serial_shops,
          shop, basic_altar

Notes
Turn   | Place    | Note
-------+----------+-------------------------------------------
     0 | D:1      | spiderkeys the Vampire Monk began the quest for the Orb.
     0 | D:1      | Reached XP level 1. HP: 17/17 MP: 1/1
     0 | D:1      | magus.rc [v1.11.6]
   363 | D:1      | Reached XP level 2. HP: 18/23 MP: 2/2
   494 | D:1      | Reached skill level 3 in Fighting
   788 | D:2      | Found Foum's Armour Emporium.
   887 | D:2      | HP: 5/24 [worm (8)]
   889 | D:2      | Slain by a worm

Vanquished Creatures
  A worm (D:2)
  2 giant cockroaches (D:1)
  4 goblins
  4 hobgoblins
  A quokka (D:1)
  A ball python (D:2)
  3 bats (D:1)
  2 frilled lizards (D:1)
  A kobold (D:1)
  2 rats (D:1)
21 creatures vanquished.

Table legend:
 A = Non-vault XP
 B = Vault XP
 C = Vault XP percentage of total XP
 D = Non-vault monster count
 E = Vault monster count
 F = Vault count percentage of total count
                 A         B        C        D         E       F
            +---------+---------+-------+---------+---------+-------
      Total |      36 |       0 |   0.0 |      21 |       0 |   0.0
            +---------+---------+-------+---------+---------+-------
        D:1 |      25 |       0 |   0.0 |      16 |       0 |   0.0
        D:2 |      11 |       0 |   0.0 |       5 |       0 |   0.0
            +---------+---------+-------+---------+---------+-------

Skill      XL: |  1  2 |
---------------+-------+-----
Fighting       | 3 |  3.1
Short Blades   | |  3.7
Dodging        | |  3.7

Action                     || total
---------------------------++-------
  Melee: Short sword       ||    78
         Bite              ||     8
 Armour: Robe              ||     7
  Dodge: Dodged            ||    34

Illustrated notes

Table legend:
 A = Kills in this place as a percentage of kills in the entire game.
 B = Kills by you in this place as a percentage of kills by you in the entire game.
 C = Kills by friends in this place as a percentage of kills by friends in the entire game.
 D = Other kills in this place as a percentage of other kills in the entire game.
 E = Experience gained in this place as a percentage of experience gained in the entire game.
 F = Experience gained in this place divided by the number of levels of this place that you have seen.
                   A       B       C       D       E      F
               +-------+-------+-------+-------+-------+----------------------
         Total | 100.0 | 100.0 |   N/A |   N/A | 100.0 |  18.0
       Dungeon | 100.0 | 100.0 |   N/A |   N/A | 100.0 |  18.0
               +-------+-------+-------+-------+-------+----------------------

Table legend: (Time is in decaauts)
 A = Elapsed time spent in this place.
 B = Non-inter-level travel time spent in this place.
 C = Inter-level travel time spent in this place.
 D = Time resting spent in this place.
 E = Time spent auto-exploring this place.
 F = Levels seen in this place.
 G = Mean time per level.
                   A        B        C        D        E       F      G
               +--------+--------+--------+--------+--------+-----+--------+
         Total |    874 |    868 |      6 |      0 |    736 |   2 |  437.0 |
       Dungeon |    874 |    868 |      6 |      0 |    736 |   2 |  437.0 |
               +--------+--------+--------+--------+--------+-----+--------+

Top non-repeatable levels by time:
     D:1: 719 daAuts
     D:2: 155 daAuts
